 Dungeon Crawl Stone Soup version 0.18-a0-1764-gf4ddf0b (webtiles) character file.

421 M4edhros the Grave Robber (level 6, -9/53 HPs)
             Began as an Ogre Wanderer on Apr 13, 2016.
             Killed from afar by a killer bee (18 damage)
             ... with an exploding inner flame
             ... hexed by the player character
             ... on level 4 of the Dungeon.
             The game lasted 00:15:23 (5843 turns).

M4edhros the Grave Robber (Ogre Wanderer)           Turns: 5843, Time: 00:15:24

Health: -9/53      AC:  4    Str: 19    XL:     6   Next: 94%
Magic:  14/20      EV: 14    Int: 17    God:
Gold:   149        SH:  0    Dex: 17    Spells: 2 memorised, 8 levels left

rFire  . . .     SeeInvis .     i - +1 short sword
rCold  . . .     Gourm    .     c - +1 animal skin
rNeg   . . .     Faith    .     (no shield)
rPois  .         Spirit   .     (helmet restricted)
rElec  .         Dismiss  .     (no cloak)
rCorr  .         Reflect  .     (gloves unavailable)
SustAt .         Harm     .     (boots unavailable)
MR     .....                    (no amulet)
Stlth  +++.......               h - +3 ring of dexterity
                                j - ring of magical power

@: brilliant, agile, lethally poisoned (-9 -> -9), very slightly contaminated,
regenerating (expiring), not resistant to hostile enchantments, fairly stealthy
A: unfitting armour, talons 1, tough skin 1
a: no special abilities


You were on level 4 of the Dungeon.
You were hungry.

You visited 1 branch of the dungeon, and saw 5 of its levels.
You also visited: Sewer.

You collected 149 gold pieces.

Inventory:

Hand Weapons
 i - a +1 short sword (weapon)
Missiles
 s - 3 tomahawks (quivered)
Armour
 c - a +1 animal skin (worn)
Jewellery
 h - a +3 ring of dexterity (right hand)
 j - a ring of magical power (left hand)
Scrolls
 e - a scroll of noise
 k - 7 scrolls of identify {unknown}
 m - a scroll of amnesia
 n - a scroll of recharging
 p - a scroll of enchant weapon
 q - a scroll of magic mapping
 r - 2 scrolls of remove curse
Potions
 x - 2 potions of might
Books
 a - a book of Necromancy

   Spells                             Type                      Level
   a - Pain                           Necromancy                   1
   b - Animate Skeleton               Necromancy                   1
   c - Vampiric Draining              Necromancy                   3
   d - Regeneration                   Charms/Necromancy            3
   e - Animate Dead                   Necromancy                   4
   f - Control Undead                 Necromancy                   4
 b - the Guide on Talismans

   Spells                             Type                      Level
   a - Infusion                       Charms                       1
   b - Spectral Weapon                Hexes/Charms                 3
Comestibles
 f - 3 bread rations
 l - a beef jerky
 t - a meat ration


   Skills:
 - Level 1.0 Throwing
   Level 1.0 Shields
 - Level 3.6 Spellcasting
   Level 1.3 Conjurations
 + Level 1.8 Charms
 - Level 5.0 Necromancy
   Level 1.0 Translocations


You had 8 spell levels left.
You knew the following spells:

 Your Spells              Type           Power        Failure   Level  Hunger
a - Pain                  Necr           ####         1%          1    None
b - Regeneration          Chrm/Necr      ###.......   1%          3    ###....


Dungeon Overview and Level Annotations

Branches:
Dungeon (5/15)
 Temple: D:4-7

Altars:
Ashenzari
Elyvilon
Pakellas
Xom

Annotations:
D:3 dwasdwasdwas's ghost, amateur DsGl
D:4 Pikel
D:5 Eustachio; Ratboiler's ghost, amateur OpWn


Innate Abilities, Weirdness & Mutations

You are too large for most types of armour.
You have tough skin (AC +1).
You have sharp toenails.


Message History

Confirm with . or Enter, or press ? or * to list all spells.
Aiming: Pain
Press: ? - help, Shift-Dir - straight line, f/p - killer bee
Aim: a killer bee (almost dead, inner flame, chance to defeat MR: 89%)
Okay, then.
Drink which item? (? for menu, Esc to quit)
Okay, then.
Read which item? (? for menu, Esc to quit)
Okay, then.
Casting: Pain
Confirm with . or Enter, or press ? or * to list all spells.
Aiming: Pain
Press: ? - help, Shift-Dir - straight line, f/p - killer bee
Aim: a killer bee (almost dead, inner flame, chance to defeat MR: 89%)
The killer bee convulses in agony!
The killer bee explodes!
The fiery explosion engulfs the killer bee.
The killer bee explodes!
The fiery explosion engulfs you!
You die...

######..##
##........ ###.##
##......... #..#
##.......... ##y##
#........... ##.##
#........... ##§##
##.......... #§§#
##......... ##§###
##........ #§@.##
##........
##...#####.........
#....#.##.........
#...........#####.
#...#.......### ##
#.............## #
##.............###
#...............#
#................


You could see a killer bee.

Vanquished Creatures
  2 slaves
  2 killer bees (D:4)
  A hound (D:4)
  Terence (D:3)
  An iguana (D:4)
  3 worker ants (D:4)
  A river rat (D:4)
  6 adders
  3 oozes
  A worm (D:3)
  3 dart slugs
  2 giant geckos
  2 ball pythons
  15 bats
  6 giant cockroaches
  6 goblins
  8 hobgoblins
  22 kobolds
  A quokka (D:4)
  8 giant newts
  13 rats
107 creatures vanquished.

Notes
Turn   | Place    | Note
--------------------------------------------------------------
     0 | D:1      | M4edhros the Ogre Wanderer began the quest for the Orb.
     0 | D:1      | M4edhros set off with: a book of Necromancy, the Guide on Talismans, a scroll of teleportation, a +0 robe, a +0 club, a bread ration
     0 | D:1      | Reached XP level 1. HP: 16/16 MP: 5/5
     0 | D:1      | Identified the Guide on Talismans
     2 | D:1      | Learned a level 1 spell: Pain
   524 | D:1      | Reached skill level 2 in Necromancy
   524 | D:1      | Reached XP level 2. HP: 21/24 MP: 2/6
   829 | D:1      | Found a shattered altar of Ashenzari.
   967 | D:1      | Reached XP level 3. HP: 19/31 MP: 0/8
  1851 | D:2      | Reached skill level 3 in Necromancy
  1921 | D:2      | Reached XP level 4. HP: 35/39 MP: 7/9
  2233 | D:2      | Learned a level 3 spell: Regeneration
  2602 | D:3      | Found a white marble altar of Elyvilon.
  2659 | D:3      | Noticed Terence
  2673 | D:3      | Killed Terence
  2969 | D:3      | Reached XP level 5. HP: 40/45 MP: 10/10
  3123 | D:3      | Gained mutation: You are agile. (Dex +2) [potion of mutation]
  3123 | D:3      | Gained mutation: You have sharp toenails. [potion of mutation]
  3123 | D:3      | Gained mutation: Your body sometimes deteriorates upon taking damage. [potion of mutation]
  3125 | D:3      | Lost mutation: Your body sometimes deteriorates upon taking damage. [potion of cure mutation]
  3125 | D:3      | Lost mutation: You are agile. (Dex +2) [potion of cure mutation]
  3149 | D:3      | HP: 2/45 [worm (8)]
  3528 | D:3      | Noticed dwasdwasdwas's ghost (amateur DsGl)
  3565 | D:4      | Reached skill level 4 in Necromancy
  3708 | D:4      | Found a glowing drain.
  3724 | Sewer    | Entered a sewer
  4392 | D:4      | Found an oddly glowing altar of Pakellas.
  4392 | D:4      | Found a shimmering altar of Xom.
  4415 | D:4      | Reached XP level 6. HP: 50/53 MP: 11/11
  4582 | D:5      | Entered Level 5 of the Dungeon
  4876 | D:4      | Noticed a slave
  4979 | D:5      | Noticed Eustachio
  5007 | D:5      | Noticed Ratboiler's ghost (amateur OpWn)
  5051 | D:4      | Noticed a phantom
  5095 | D:4      | Noticed a slave
  5096 | D:4      | Noticed a slave
  5116 | D:4      | Killed a slave
  5124 | D:4      | Noticed a slave
  5143 | D:5      | Noticed an ice beast
  5222 | D:4      | Noticed Pikel
  5284 | D:5      | Killed a slave
  5500 | D:5      | Reached skill level 5 in Necromancy
  5819 | D:4      | Reached skill level 1 in Charms
  5843 | D:4      | Killed from afar by a killer bee

Vault maps used:
D:1:      lemuel_arrival_broad_hall, hex_medium, evilmike_ruin_ashenzari
D:2:      nicolae_overflow_hidden_temple, st_stairs_10
D:3:      kennysheep_big_flooded_room, overflow_temple_1_default,
          nicolae_ru_awakened_eye, uniq_terence
D:4:      gammafunk_temple_overflow_elements, portal_sewer_entry_c, uniq_pikel
D:5:      first_bread, kennysheep_diamond, uniq_eustachio
Sewer:    kennysheep_pipe_town

Skill      XL: |  1  2  3  4  5  6 |
---------------+-------------------+-----
Necromancy     | 2 3 4 5 |  5.0
Charms         | 1 |  1.8
Throwing       | |  1.0
Shields        | |  1.0
Spellcasting   | |  3.6
Conjurations   | |  1.3
Translocations | |  1.0

Action                   |  1- 3 |  4- 6 || total
-------------------------+-------+-------++-------
Melee: Club              |    35 |       ||    35
       Short sword       |     4 |    93 ||    97
       Dagger            |     8 |       ||     8
       Kick              |       |    26 ||    26
Throw: Javelin           |       |     6 ||     6
       Tomahawk          |       |     1 ||     1
 Cast: Pain              |    74 |   230 ||   304
       Regeneration      |       |    15 ||    15
  Use: Potion            |     2 |    17 ||    19
       Scroll            |       |    13 ||    13
  Eat: Chunk             |     3 |    13 ||    16
       Royal jelly       |       |     1 ||     1
       Pizza             |       |     1 ||     1
Armor: Robe              |    27 |    41 ||    68
       Animal skin       |       |    16 ||    16
Dodge: Dodged            |    46 |   131 ||   177
